AoeStats
← [GG] Shevchenko 7

Arabia

508331943Analyzed
3v3 RM · 12d ago on Sep 22, 2026· 48m 10s· 6 players
Game mode
Random Map
Map size
Normal (6 player)
Population
200
Speed
Normal
Resources
Standard
Victory
Conquest
Starting age
Dark Age
Ending age
Imperial Age
RankedLock teamsTeams togetherTeam positionsShared explorationLock speedFull tech treeHidden civsTurbo modeCheats
Victory
Defeat
🇨🇴 Khmer · Colombia
1094
+13
1082
+13
🇨🇴 Britons · Colombia
1070
+14
🇧🇷 Malians · Brazil
1033
-14
1029
-14
🇧🇷 Franks · Brazil
991
-12
CFGallardo
4:36 Loom
7:43 Feudal Age
11:47 Horse Collar
12:40 Double-Bit Axe
15:31 Gold Mining
19:13 Castle Age
18:16 Bloodlines
19:25 Forging
19:21 Scale Barding Armor
22:46 Husbandry
28:08 Iron Casting
29:57 Light Cavalry
31:09 Chain Barding Armor
36:14 Imperial Age
37:37 Gold Shaft Mining
36:34 Hussar
38:16 Blast Furnace
39:43 Conscription
40:34 Pikeman
41:24 Cavalier
43:32 Plate Barding Armor
42:53 Halberdier
47:08 Scale Mail Armor
SIR_RAZER_RAMON
10:44 Feudal Age
11:18 Double-Bit Axe
16:16 Fletching
16:21 Loom
16:58 Padded Archer Armor
22:00 Castle Age
21:07 Forging
22:05 Crossbowman
26:36 Leather Archer Armor
26:57 Iron Casting
28:49 Ballistics
31:49 Bow Saw
37:00 Imperial Age
36:41 Pikeman
39:48 Halberdier
40:10 Halberdier
44:59 Arbalester
2027毕业生指南
10:54 Feudal Age
15:52 Castle Age
14:50 Double-Bit Axe
15:25 Horse Collar
16:05 Scale Mail Armor
17:31 Forging
18:12 Squires
18:42 Loom
20:01 Wheelbarrow
24:42 Chain Mail Armor
26:10 Arson
28:21 Heavy Plow
29:39 Gambesons
33:08 Iron Casting
37:57 Gold Mining
40:34 Hand Cart
41:51 Pikeman
43:24 Bow Saw
43:52 Gold Shaft Mining
43:08 Stone Mining
50:13 Imperial Age
[GG] Shevchenko 7
10:53 Feudal Age
9:35 Loom
12:00 Double-Bit Axe
15:28 Scale Barding Armor
15:34 Forging
22:24 Castle Age
27:11 Wheelbarrow
30:47 Husbandry
32:11 Scale Mail Armor
33:31 Iron Casting
36:57 Hand Cart
41:49 Chain Barding Armor
43:08 Chain Mail Armor
[GG] Trezeguet
10:44 Feudal Age
9:35 Loom
17:16 Castle Age
15:49 Horse Collar
18:30 Wheelbarrow
23:15 Scale Mail Armor
24:44 Forging
24:50 Chain Mail Armor
30:56 Bloodlines
30:07 Light Cavalry
30:47 Husbandry
33:07 Scale Barding Armor
40:13 Imperial Age
[GG] Raúl González Blanco
9:26 Feudal Age
9:19 Loom
21:08 Castle Age
23:14 Town Watch
25:34 Forging
28:16 Bloodlines
28:09 Town Patrol
29:59 Double-Bit Axe
31:28 Fervor
33:00 Scale Barding Armor
33:04 Crossbowman
35:31 Wheelbarrow
35:46 Kamandaran
38:08 Fletching
38:59 Pikeman
43:12 Bow Saw
44:03 Bodkin Arrow
45:02 Horse Collar
48:01 Ballistics
Connection lost

Rejoining the realm…

Still unreachable

The connection could not be restored.

Session expired

The server has moved on; the page needs a fresh start.